 Dungeon Crawl Stone Soup version 0.31-a0-233-g139696dc86 (webtiles) character file.

Game seed: 8662524417361164608

16729 Demosthentine the Fighter (level 12, -1/93 HPs)
             Began as a Demonspawn Gladiator on July 8, 2023.
             Was a Priest of Hepliaklqana.
             Slain by a vampire mosquito (2 damage)
             ... on level 12 of the Dungeon.
             The game lasted 00:16:28 (14621 turns).

Demosthentine the Fighter (Demonspawn Gladiator)   Turns: 14621, Time: 00:16:28

Health: -1/93      AC: 11    Str: 24    XL:     12   Next: 12%
Magic:  19/19      EV: 17    Int:  8    God:    Hepliaklqana [***...]
Gold:   390        SH:  0    Dex: 16    Spells: 11/11 levels left

rFire   . . .        d - +4 trident
rCold   + . .        (no shield)
rNeg    . . .        a - +1 leather armour of Nys Dux {rC+ Str+4 Int-2 SInv}
rPois   .            (helmet unavailable)
rElec   .            c - +2 cloak
rCorr   .            z - +0 pair of gloves
SInv    +            (no boots)
Will    .....        n - amulet of magic regeneration
Stlth   ++           A - ring of see invisible
HPRegen 0.35/turn    (no ring)
MPRegen 0.56/turn

%: no passive effects
@: about to teleport
A: reduced essence, horns 3, rugged brown scales 2, demonic magic 2, camouflage
1, high MP 1, strong 1
a: Renounce Religion, Recall Ancestor, Ancestor Identity, Transference


You were on level 12 of the Dungeon.
You worshipped Hepliaklqana.
Hepliaklqana was most pleased with you.
You visited 2 branches of the dungeon, and saw 13 of its levels.
You also visited: Ossuary and Bailey.

You collected 651 gold pieces.
You spent 261 gold pieces at shops.

Inventory:

Hand Weapons
 d - a +4 trident (weapon)
 E - the +4 consecrated labrys {holy, Valiant Fragile Fly SInv}
   (You found it on level 9 of the Dungeon)

   Valiant:   It becomes more powerful as more dangerous foes come into view.
   SInv:      It lets you see invisible.
   Fly:       It grants you flight.
   Fragile:   It will be destroyed if unequipped.
Missiles
 e - a javelin
 o - 14 boomerangs
 u - 5 atropa-tipped darts
Armour
 a - the +1 leather armour of Nys Dux (worn) {rC+ Str+4 Int-2 SInv}
   (You found it in a bailey)

   Str:       It affects your strength (+4).
   Int:       It affects your intelligence (-2).
   rC:        It protects you from cold.
   SInv:      It lets you see invisible.
 c - a +2 cloak (worn)
 r - a +3 leather armour of fire resistance
 z - a +0 pair of gloves (worn)
 G - a +0 buckler
Jewellery
 n - an amulet of magic regeneration (around neck)
 A - a ring of see invisible (left hand)
Wands
 h - a wand of polymorph (8)
 k - a wand of roots (11)
 C - a wand of flame (11)
Scrolls
 j - 6 scrolls of identify
 m - 3 scrolls of teleportation
 p - 2 scrolls of fog
 q - 3 scrolls of enchant armour
 x - 3 scrolls of amnesia
 y - 2 scrolls of revelation
 D - a scroll of fear
Potions
 b - a potion of mutation
 f - 4 potions of lignification
 g - 5 potions of curing
 i - a potion of might
 l - 3 potions of magic
 s - 2 potions of brilliance
 t - 3 potions of attraction
 v - 2 potions of ambrosia
 w - 3 potions of cancellation
 B - 3 potions of haste
 F - a potion of resistance


   Skills:
 + Level 10.5 Fighting
 + Level 10.0 Polearms
 - Level 1.7 Throwing
 - Level 7.7 Armour
 + Level 10.0 Dodging
 + Level 0.3 Shields
 + Level 7.2 Invocations


You had 11 spell levels left.
You didn't know any spells.
Your spell library contained the following spells:

 Spells                   Type           Power      Damage    Failure   Level
 Freeze                   Ice            0%         1d3       43%         1
 Necrotise                Necr           0%         1d4       43%         1
 Dazzling Flash           Conj/Hex       0%         N/A       82%         3
 Frozen Ramparts          Ice            0%         1d1       82%         3
 Hailstorm                Conj/Ice       0%         3d3       82%         3
 Mephitic Cloud           Conj/Pois/Air  0%         N/A       82%         3
 Summon Guardian Golem    Hex/Summ       0%         N/A       82%         3
 Vampiric Draining        Necr           0%         2d6       82%         3
 Volatile Blastmotes      Fire/Tloc      0%         2d10      82%         3
 Anguish                  Hex/Necr       0%         N/A       99%         4
 Iskenderun's Mystic Bla  Conj/Tloc      0%         2d3       99%         4
 Agony                    Necr           0%         N/A       100%        5
 Silence                  Hex/Air        0%         N/A       100%        5
 Starburst                Conj/Fire      0%         6d3       100%        6


Dungeon Overview and Level Annotations

Branches:
Dungeon (12/15)            Temple (1/1) D:7            Lair (0/5) D:8
Ossuary (visited)          Bailey (visited)
    Orc: D:9-12

Altars:
Ashenzari
Cheibriados
Dithmenos
Fedhas
Gozag
Hepliaklqana
Kikubaaqudgha
Makhleb
Nemelex Xobeh
Okawaru
Qazlal
Ru
Sif Muna
Trog
Uskayaw
Vehumet
Wu Jian
Xom
Yredelemnul

Shops:
D:4 *[!   D:7 (*


Innate Abilities, Weirdness & Mutations

Your life essence is reduced to manifest your ancestor. (-10% HP)
You have a pair of large horns on your head.
You are mostly covered in rugged brown scales. (AC +2, +5% HP)
Spells you cast may paralyse nearby enemies.
Your skin changes colour to match your surroundings (Stealth+).
You have an increased reservoir of magic. (+10% MP)
Your muscles are strong. (Str +4, Int/Dex -1)


Message History

You easily resist.
The orc hits you with a +0 flail.
* * * LOW HITPOINT WARNING * * *
The orc hits you but does no damage. The vampire mosquito bites you.
* * * LOW HITPOINT WARNING * * *
The vampire mosquito draws strength from your injuries!
The vampire mosquito bites you!
* * * LOW HITPOINT WARNING * * *
The vampire mosquito draws strength from your injuries!
As you read the scroll of teleportation, it crumbles to dust.
You feel strangely unstable. The vampire mosquito bites you.
* * * LOW HITPOINT WARNING * * *
The vampire mosquito draws strength from your injuries!
A gnoll comes into view. It is wielding a +0 flail.
The orc closely misses you.
The orc wizard hits you but does no damage.
The orc hits you with a +0 falchion.
* * * LOW HITPOINT WARNING * * *
The orc closely misses you.
The vampire mosquito closely misses you.
The vampire mosquito bites you.
* * * LOW HITPOINT WARNING * * *
The vampire mosquito draws strength from your injuries!
Unknown command.
Unknown command.
Unknown command.
You hit the orc wizard. You headbutt the orc wizard.
You kill the orc wizard!
The vampire mosquito bites you but does no damage.
The vampire mosquito bites you.
* * * LOW HITPOINT WARNING * * *
The vampire mosquito draws strength from your injuries!
The vampire mosquito closely misses you.
The orc completely misses you. The orc barely misses you.
The orc closely misses you.
Unknown command.
Unknown command.
Okay, then.
The vampire mosquito attacks as you move away!
The vampire mosquito bites you.
You die...

#.....................#
##.....................#
##..................g..
##................^g..
##...................
##............~.....
##.........)~~~....
##.......oo)~.....
##......o@y......
##......yy..[...
##.............
##............
##...........
##.......... ##.....(...
##.....>.. #####


You could see 3 vampire mosquitoes, a gnoll sergeant, a gnoll and 3 orcs.

Vanquished Creatures
  Josephine (D:11)
  A hydra (D:10)
  A two-headed ogre (D:8)
  Pikel (D:8)
  A cyclops (D:8)
  An elephant (D:8)
  Maggie (D:7)
  A gargoyle (Bailey)
  Psyche (D:8)
  An unseen horror (D:11)
  3 trolls (D:11)
  4 wraiths (D:11)
  Sigmund (D:3)
  11 yaks
  2 vampires
  Eustachio (D:6)
  An acid dragon (D:10)
  2 orc warriors
  4 black bears
  An ice beast (D:6)
  An ogre (D:5)
  A lemure (D:8)
  7 centaurs
  A kobold brigand (D:9)
  A gnoll sergeant (D:8)
  3 scorpions
  4 wyvern zombies (Ossuary)
  2 water moccasin zombies (Ossuary)
  9 wights
  6 killer bees (D:8)
  3 howler monkeys
  6 vampire bats (Bailey)
  5 wolf zombies (Bailey)
  4 crimson imps (D:6)
  2 hounds
  4 bullfrog zombies (Ossuary)
  2 jellies
  5 centaur zombies (Ossuary)
  A gnoll bouda (D:9)
  4 orc priests
  8 iguanas
  11 orc wizards
  4 killer bee zombies (Ossuary)
  16 mummies (Ossuary)
  3 howler monkey zombies (Ossuary)
  6 adders
  13 gnolls
  A shadow imp (D:7)
  2 white imps
  An ufetubus (D:7)
  A dart slug (D:1)
  A worm (D:5)
  29 orcs
  9 ball pythons
  3 bats
  7 endoplasms
  7 giant cockroaches
  4 hobgoblins
  4 quokkas
  A frilled lizard (D:2)
  14 goblins
  4 kobolds
  14 orc zombies (Bailey)
  4 rats
  A spectral kobold (D:3)
279 creatures vanquished.

Vanquished Creatures (collateral kills)
  A troll (D:10)
  4 yaks
  An acid dragon (D:10)
  2 orc warriors
  A centaur (D:9)
  A vampire bat (Bailey)
  An orc priest (D:12)
  A gnoll (D:9)
  4 orc zombies (Bailey)
  2 orcs
  A kobold (D:9)
19 creatures vanquished.

Vanquished Creatures (others)
  4 hexers
4 creatures vanquished.

Grand Total: 302 creatures vanquished

Notes
Turn   | Place    | Note
-------+----------+-------------------------------------------
     0 | D:1      | Demosthentine the Demonspawn Gladiator began the quest for
                  | the Orb.
     0 | D:1      | Reached XP level 1. HP: 16/16 MP: 1/1
   112 | D:1      | Gained mutation: Spells you cast may paralyse adjacent
                  | enemies. [demonic ancestry]
   112 | D:1      | Reached XP level 2. HP: 22/22 MP: 2/2
   818 | D:2      | Reached skill level 1 in Armour
   972 | D:2      | Reached XP level 3. HP: 12/28 MP: 3/3
  1974 | D:3      | Found a faded altar of an unknown god.
  1979 | D:3      | Got the Parchment of Maledictive Kinetic Energy
  2186 | D:3      | Reached XP level 4. HP: 11/34 MP: 4/4
  2520 | D:3      | Noticed Sigmund
  2536 | D:3      | Killed Sigmund
  2537 | D:3      | Reached XP level 5. HP: 30/41 MP: 5/5
  2858 | D:4      | Found Waudegg's Armour Boutique.
  2865 | D:4      | Gained mutation: You have a pair of small horns on your
                  | head. [demonic ancestry]
  2865 | D:4      | Reached XP level 6. HP: 43/47 MP: 6/6
  2909 | D:4      | Bought a +2 cloak for 231 gold pieces
  3535 | D:4      | Found Kovuac's Distillery.
  3603 | D:4      | Found a large runed translucent door.
  3603 | D:4      | Found a large runed translucent door.
  3822 | D:4      | Found Zeumoh's General Store.
  4111 | D:4      | Found a stormy altar of Qazlal.
  4149 | D:5      | Entered Level 5 of the Dungeon
  4149 | D:5      | Found a broken altar of Ashenzari.
  4169 | D:5      | Gained mutation: You have a pair of horns on your head.
                  | [demonic ancestry]
  4169 | D:5      | Reached XP level 7. HP: 29/54 MP: 7/7
  4260 | D:5      | Gained mutation: Your body sometimes deteriorates upon
                  | taking damage. [potion of mutation]
  4260 | D:5      | Gained mutation: Your flesh is heat resistant. (rF+)
                  | [potion of mutation]
  4260 | D:5      | Gained mutation: You occasionally lose the ability to drink
                  | potions when taking damage. [potion of mutation]
  4260 | D:5      | Gained mutation: You have large cloven feet. [potion of
                  | mutation]
  4348 | D:5      | Lost mutation: You occasionally lose the ability to drink
                  | potions when taking damage. [potion of mutation]
  4348 | D:5      | Lost mutation: You have large cloven feet. [potion of
                  | mutation]
  4348 | D:5      | Lost mutation: Your body sometimes deteriorates upon taking
                  | damage. [potion of mutation]
  4348 | D:5      | Gained mutation: You are partially covered in large bone
                  | plates. (SH +4) [potion of mutation]
  4348 | D:5      | Gained mutation: You have a somewhat thin skeletal
                  | structure. (Dex +2, Stealth+) [potion of mutation]
  4348 | D:5      | Gained mutation: You have sharp toenails. [potion of
                  | mutation]
  4450 | D:5      | Found a sand-covered staircase.
  4467 | Ossuary  | Entered an ossuary
  4522 | Ossuary  | Reached skill level 5 in Polearms
  4534 | Ossuary  | Reached skill level 5 in Fighting
  4534 | Ossuary  | Reached skill level 5 in Dodging
  4534 | Ossuary  | Gained mutation: Spells you cast may paralyse nearby
                  | enemies. [demonic ancestry]
  4534 | Ossuary  | Reached XP level 8. HP: 17/62 MP: 8/8
  5269 | Ossuary  | Reached skill level 5 in Armour
  5319 | Ossuary  | Lost mutation: You have a somewhat thin skeletal structure.
                  | (Dex +2, Stealth+) [potion of mutation]
  5319 | Ossuary  | Lost mutation: Your flesh is heat resistant. (rF+) [potion
                  | of mutation]
  5319 | Ossuary  | Gained mutation: You are somewhat resistant to further
                  | mutation. [potion of mutation]
  5320 | Ossuary  | Lost mutation: You have sharp toenails. [potion of
                  | mutation]
  5320 | Ossuary  | Lost mutation: You are partially covered in large bone
                  | plates. (SH +4) [potion of mutation]
  5320 | Ossuary  | Lost mutation: You are somewhat resistant to further
                  | mutation. [potion of mutation]
  5320 | Ossuary  | Gained mutation: You have an increased reservoir of magic.
                  | (+10% MP) [potion of mutation]
  5320 | Ossuary  | Gained mutation: Your skin changes colour to match your
                  | surroundings (Stealth+). [potion of mutation]
  5320 | Ossuary  | Gained mutation: Your muscles are strong. (Str +4, Int/Dex
                  | -1) [potion of mutation]
  5805 | D:5      | Reached XP level 9. HP: 65/69 MP: 9/9
  6785 | D:6      | Found a shimmering altar of Xom.
  7118 | D:6      | Noticed Eustachio
  7136 | D:6      | Killed Eustachio
  7762 | D:6      | Gained mutation: You have a pair of large horns on your
                  | head. [demonic ancestry]
  7762 | D:6      | Reached XP level 10. HP: 82/82 MP: 11/11
  7864 | D:7      | Found Zaesai's Antique Weapon Boutique.
  7943 | D:7      | Noticed Maggie
  7953 | D:7      | Killed Maggie
  7968 | D:7      | Found a sparkling altar of Nemelex Xobeh.
  8722 | D:7      | Found Asyrang's General Store.
  8729 | D:7      | Bought a potion of curing for 30 gold pieces
  8786 | D:7      | Found a staircase to the Ecumenical Temple.
  8797 | Temple   | Entered the Ecumenical Temple
  8993 | Temple   | Became a worshipper of Hepliaklqana the Forgotten
  9430 | D:8      | Noticed an elephant
  9442 | D:8      | Killed an elephant
  9443 | D:8      | Reached skill level 1 in Invocations
  9739 | D:8      | Noticed Pikel
  9756 | D:8      | Killed Pikel
  9757 | D:8      | Gained mutation: You are partially covered in rugged brown
                  | scales. (AC +1, +3% HP) [demonic ancestry]
  9757 | D:8      | Reached XP level 11. HP: 30/91 MP: 12/14
 10091 | D:8      | Noticed Psyche
 10104 | D:8      | Killed Psyche
 10268 | D:8      | Noticed a two-headed ogre
 10279 | D:8      | Killed a two-headed ogre
 10667 | D:8      | Found a staircase to the Lair.
 10717 | D:8      | Reached * piety under Hepliaklqana
 10877 | D:9      | Found a flagged portal.
 10884 | Bailey   | Entered a bailey
 11246 | Bailey   | Identified the +3 scale mail of the Valley of Death {Harm
                  | Fly SInv}
 11342 | Bailey   | Identified the +1 leather armour of Nys Dux {rC+ Str+4
                  | Int-2 SInv}
 11880 | D:9      | Reached skill level 5 in Invocations
 12069 | D:9      | Found the +4 consecrated labrys {holy, Valiant Fragile Fly
                  | SInv}
 12083 | D:9      | Identified the +1 hand axe "Inano" {protect, rElec rC-
                  | Int+3}
 12289 | D:9      | Found a hide-covered altar of Uskayaw.
 12458 | D:10     | Entered Level 10 of the Dungeon
 12545 | D:10     | Reached ** piety under Hepliaklqana
 12546 | D:10     | Remembered your ancestor Æthelred as a hexer
 12579 | D:10     | Noticed a four-headed hydra
 12589 | D:10     | Reached skill level 10 in Fighting
 12599 | D:10     | Killed a four-headed hydra
 13821 | D:11     | Noticed Josephine
 13862 | D:11     | Killed Josephine
 13863 | D:11     | Gained mutation: You are mostly covered in rugged brown
                  | scales. (AC +2, +5% HP) [demonic ancestry]
 13863 | D:11     | Reached XP level 12. HP: 26/93 MP: 18/18
 14178 | D:11     | Reached *** piety under Hepliaklqana
 14616 | D:12     | Reached skill level 10 in Polearms
 14616 | D:12     | Reached skill level 10 in Dodging
 14620 | D:12     | HP: 1/93 [vampire mosquito (4)]
 14621 | D:12     | Slain by a vampire mosquito

Illustrated notes

Levels and vault maps discovered:
D:1:      lightli_arrival_boilingwater, layout_loops_ring,
          kennysheep_pointless_box, amcnicky_mini_corridor_feature
D:2:      layout_basic
D:3:      layout_loops_corners, dreamdust_ecumenical_altar_drowned_temple,
          kennysheep_generic_room_7, uniq_sigmund
D:4:      layout_loops_ring, tso_oasis_becter, jmf_multi_god_temple2,
          serial_shops, kennysheep_little_box, nicolae_shop_hallway_plus, shop,
          nicolae_letterblocks [nicolae_letter_subblock,
          nicolae_letter_subblock, nicolae_letter_subblock,
          nicolae_letter_subblock, nicolae_letter_subblock,
          nicolae_letter_subblock, nicolae_letter_subblock,
          nicolae_letter_subblock, nicolae_letter_subblock,
          nicolae_letter_subblock, nicolae_letter_subblock,
          nicolae_letter_subblock, nicolae_letter_subblock,
          nicolae_letter_subblock, nicolae_letter_subblock,
          nicolae_letter_subblock, nicolae_letter_subblock,
          nicolae_letter_subblock, nicolae_letter_subblock,
          nicolae_letter_subblock, nicolae_letter_subblock,
          nicolae_letter_subblock, nicolae_letter_subblock,
          nicolae_letter_subblock, nicolae_letter_subblock]
D:5:      layout_cave_pods, cheibrodos_ashenzari_chains,
          nicolae_ossuary_entry_false_entrances
D:6:      layout_basic, led_xom_imps, serial_co_window_serial,
          co_window_paths_b, co_window_paths_b, co_window_paths_b,
          co_window_of_opportunity_a, co_window_cross_1, co_window_paths_a,
          co_window_corner_a, co_window_cross_1, co_window_paths_b,
          co_window_of_opportunity_b, co_window_cross_3, co_window_paths_c,
          co_window_cross_4, co_window_unsneaky_path_b, co_window_broadway_b,
          glass_columns_a, uniq_eustachio
D:7:      layout_cave_pools, lemuel_coloured_pillars_altar,
          minmay_temple_entry_hall, serial_shops, shop, nicolae_stop_n_shop_2,
          kennysheep_generic_room_8, uniq_maggie
D:8:      layout_gridville, david_lair_generic, uniq_psyche, uniq_pikel
D:9:      layout_roguey, eat_drink_and_be_merry_uskayaw, enter_bailey_3,
          evilmike_butchery
D:10:     layout_grid_maze
D:11:     layout_loops_ring, uniq_josephine
D:12:     layout_big_octagon
Temple:   regret_index_temple_generic_petals

Skill      XL: |  1  2  3  4  5  6  7  8  9 10 11 12 |
---------------+-------------------------------------+-----
Polearms       | 3 4 5 6 8 9 10 | 10.0
Dodging        | 3 4 5 6 8 9 10 | 10.0
Armour         | 1 2 3 4 5 7 |  7.7
Fighting       | 3 4 5 6 8 9 10 | 10.5
Invocations    | 2 6 7 |  7.2
Throwing       | |  1.7
Shields        | |  0.3

Action                     |  1- 3 |  4- 6 |  7- 9 | 10-12 || total
---------------------------+-------+-------+-------+-------++-------
  Melee: Trident           |   134 |   159 |   373 |   598 ||  1264
         Punch             |     1 |       |     6 |     3 ||    10
         Headbutt          |       |    11 |    86 |   101 ||   198
         Kick              |       |       |    86 |       ||    86
  Throw: Throwing net      |       |     1 |     1 |     2 ||     4
 Invoke: Ancestor Life: He |       |       |       |     1 ||     1
    Use: Scroll            |    11 |     3 |     7 |     4 ||    25
         Potion            |       |       |     9 |     7 ||    16
   Stab: Sleeping          |     2 |     1 |     6 |     7 ||    16
         Held in net/web   |       |     1 |       |       ||     1
         Distracted        |       |       |     5 |     8 ||    13
         Confused          |       |       |       |     4 ||     4
 Armour: Leather armour    |    30 |    36 |    97 |   167 ||   330
  Dodge: Dodged            |    68 |    84 |   205 |   397 ||   754
  Block: Other             |       |       |    28 |       ||    28

Table legend: (Time is in decaauts)
 A = Elapsed time spent in this place.
 B = Non-inter-level travel time spent in this place.
 C = Inter-level travel time spent in this place.
 D = Time resting spent in this place.
 E = Time spent auto-exploring this place.
 F = Levels seen in this place.
 G = Mean time per level.
                   A        B        C        D        E       F      G
               +--------+--------+--------+--------+--------+-----+--------+
         Total |  14576 |  14041 |    535 |    375 |  11062 |  15 |  971.7 |
       Dungeon |  12764 |  12229 |    535 |    375 |   9865 |  12 | 1063.7 |
        Temple |    218 |    218 |      0 |      0 |    177 |   1 |  218.0 |
       Ossuary |    900 |    900 |      0 |      0 |    575 |   1 |  900.0 |
        Bailey |    692 |    692 |      0 |      0 |    445 |   1 |  692.0 |
               +--------+--------+--------+--------+--------+-----+--------+

Top non-repeatable levels by time:
     D:6: 1660 daAuts
     D:8: 1549 daAuts
     D:4: 1358 daAuts
    D:10: 1198 daAuts
     D:7: 1176 daAuts
     D:3: 1109 daAuts
     D:5: 1100 daAuts
     D:2: 1076 daAuts
 Ossuary: 900 daAuts
     D:9: 892 daAuts
    D:11: 876 daAuts
     D:1: 708 daAuts
  Bailey: 692 daAuts
  Temple: 218 daAuts
    D:12: 58 daAuts
